 Dungeon Crawl Stone Soup version 0.28-a0-863-g8cecda6153 (webtiles) character file.

Game seed: 1615684422238903600

1 vineage the Shield-Bearer (level 1, 0/14 HPs)
             Began as a Gargoyle Fighter on Nov 16, 2021.
             Frozen to death by an endoplasm (5 damage)
             ... on level 1 of the Dungeon.
             The game lasted 00:01:03 (33 turns).

vineage the Shield-Bearer (Gargoyle Fighter)          Turns: 33, Time: 00:01:04

Health: 0/14       AC:  9    Str: 19    XL:     1   Next: 20%
Magic:  1/1        EV:  9    Int:  8    God:
Gold:   0          SH:  4    Dex:  9    Spells: 0/0 levels left

rFire   . . .      SeeInvis .   a - +0 flail
rCold   . . .      Faith    .   c - +0 buckler
rNeg    + . .      Spirit   .   b - +0 scale mail
rPois   ∞          Reflect  .   (no helmet)
rElec   +          Harm     .   (no cloak)
rCorr   .          Rampage  .   (no gloves)
Will    .....                   (no boots)
Stlth   ..........              (no amulet)
HPRegen 0.04/turn               (no ring)
MPRegen 0.07/turn               (no ring)

@: no status effects
A: sickness immunity, AC +2, negative energy resistance 1, electricity
resistance, torment resistance 1, petrification resistance
a: no special abilities


You were on level 1 of the Dungeon.
You visited 1 branch of the dungeon, and saw 1 of its levels.

Inventory:

Hand Weapons
 a - a +0 flail (weapon)
Armour
 b - a +0 scale mail (worn)
 c - a +0 buckler (worn)
Potions
 d - a potion of might


   Skills:
 + Level 3.2 Fighting
 + Level 2.0 Maces & Flails
 + Level 3.2 Armour
 + Level 3.4 Shields


You couldn't memorise any spells.
You didn't know any spells.
Your spell library was empty.

Dungeon Overview and Level Annotations

Branches:
Dungeon (1/15)

Altars:


Innate Abilities, Weirdness & Mutations

You are immune to sickness and miasma.
Your stone body is resilient. (AC +2)
You are immune to poison.
You resist negative energy. (rN+)
You are resistant to electric shocks. (rElec)
You are resistant to unholy torment.
You are immune to petrification.


Message History

Your surroundings seem slightly different.
A frilled lizard comes into view.
Found a mace and a Young Poisoner's Handbook.
The frilled lizard hisses angrily.
A rat comes into view. 2 jackals come into view.
The jackal barks! x2
Found 17 stones and 18 arrows.
Found a stone staircase leading down.
The frilled lizard closely misses you.
A giant cockroach comes into view.
You barely miss the frilled lizard.
The frilled lizard bites you but does no damage.
The jackal pauses to sniff the ground.
You closely miss the frilled lizard.
The giant cockroach waves its antennae.
The frilled lizard barely misses you. The giant cockroach closely misses you.
The frilled lizard bites you but does no damage.
The jackal barely misses you.
The jackal closely misses you. x2; The jackal barely misses you.
The giant cockroach closely misses you.
Found a yellow potion.
An endoplasm comes into view.
The endoplasm quivers.
The endoplasm hits you but does no damage.
Found 16 arrows and 10 gold pieces.
The endoplasm closely misses you. The giant cockroach bites you.
The endoplasm misses you.
You thump the giant cockroach!
You kill the giant cockroach!
The quokka closely misses you. The endoplasm hits you.
You barely miss the quokka. The quokka barely misses you.
The endoplasm freezes you.
You are frozen.
The quokka bites you but does no damage.
You closely miss the quokka. The quokka bites you. The endoplasm freezes you.
You are frozen.
You die...

## #. #.## #..# #@##
#rJ##### ##hhl..#
####hSg.#
......Kh.### #####
....!..hh..###...#
#............##...#
#.....####.#.##...##
#.............(.(..#


You could see an endoplasm, a quokka, 6 jackals, a hobgoblin, a ball python, a
kobold and a frilled lizard.

Vanquished Creatures
  A giant cockroach (D:1)
1 creature vanquished.

Notes
Turn   | Place    | Note
-------+----------+-------------------------------------------
     0 | D:1      | vineage the Gargoyle Fighter began the quest for the Orb.
     0 | D:1      | Reached XP level 1. HP: 14/14 MP: 1/1
    33 | D:1      | Frozen to death by an endoplasm

Illustrated notes

Levels and vault maps discovered:
D:1:      minmay_arrival_five_plusses, layout_rooms, minmay_heptomino_o4

Action                   || total
-------------------------++-------
Melee: Flail             ||     6
Armor: Scale mail        ||     6
Dodge: Dodged            ||    13
Block: Buckler           ||     1

Table legend: (Time is in decaauts)
 A = Elapsed time spent in this place.
 B = Non-inter-level travel time spent in this place.
 C = Inter-level travel time spent in this place.
 D = Time resting spent in this place.
 E = Time spent auto-exploring this place.
 F = Levels seen in this place.
 G = Mean time per level.
                   A        B        C        D        E       F      G
               +--------+--------+--------+--------+--------+-----+--------+
         Total |     34 |     32 |      2 |      0 |      0 |   1 |   34.0 |
       Dungeon |     34 |     32 |      2 |      0 |      0 |   1 |   34.0 |
               +--------+--------+--------+--------+--------+-----+--------+

Top non-repeatable levels by time:
     D:1: 34 daAuts
